 Dungeon Crawl Stone Soup version 0.24-a0-201-gf205589 (webtiles) character file.

Game seed: 4698512444626913644

220 Borgoz the Cutter (level 6, 0/57 HPs)
             Began as a Kobold Berserker on Mar 24, 2019.
             Was a Believer of Trog.
             Slain by a gnoll
             ... wielding a +0 club
              (8 damage)
             ... on level 4 of the Dungeon.
             The game lasted 00:04:21 (3395 turns).

Borgoz the Cutter (Kobold Berserker)                Turns: 3395, Time: 00:04:22

Health: 0/57       AC:  2    Str: 20    XL:     6   Next: 18%
Magic:  6/6        EV: 16    Int:  9    God:    Trog [**....]
Gold:   185        SH:  0    Dex: 15    Spells: 5/5 levels left

rFire    . . .     SeeInvis .   a - +0 short sword
rCold    . . .     Gourm    .   (shield restricted)
rNeg     . . .     Faith    .   b - +0 animal skin
rPois    .         Spirit   .   (no helmet)
rElec    .         Reflect  .   (no cloak)
rCorr    .         Harm     .   (no gloves)
MR       .....                  (no boots)
Stlth    ..........             (no amulet)
HPRegen  0.19/turn              (no ring)
MPRegen  0.10/turn              (no ring)

@: berserking, very quick
A: small, carnivore
a: Berserk, Trog's Hand, Renounce Religion


You were on level 4 of the Dungeon.
You worshipped Trog.
Trog was pleased with you.
You were very full.

You visited 1 branch of the dungeon, and saw 4 of its levels.

You collected 185 gold pieces.

Inventory:

Hand Weapons
 a - a +0 short sword (weapon)
Armour
 b - a +0 animal skin (worn)
Jewellery
 p - an uncursed amulet of the acrobat {unknown}
Scrolls
 d - a scroll of enchant weapon {unknown}
 e - a scroll of amnesia
 g - 5 scrolls of teleportation
 i - a scroll of noise {unknown}
 j - a scroll of identify {unknown}
 k - 3 scrolls of remove curse
 l - a scroll of immolation {unknown}
 m - a scroll of magic mapping {unknown}
Comestibles
 c - 6 rations


   Skills:
 + Level 4.2 Fighting
 + Level 5.0 Short Blades
 + Level 2.1 Throwing
 + Level 2.4 Armour
 + Level 3.5 Dodging
 + Level 3.1 Stealth


You had 5 spell levels left.
You didn't know any spells.
Your spell library was empty.

Dungeon Overview and Level Annotations

Branches:
Dungeon (4/15)
 Temple: D:4-7

Altars:
Ashenzari
Wu Jian


Innate Abilities, Weirdness & Mutations

You are small and have problems with some larger weapons.
You are carnivorous and can eat meat at any time.


Message History

The gnoll closely misses you.
You aren't carrying any potions.
As you read the scroll of fear, it crumbles to dust.
You assume a fearsome visage.
The gnoll looks frightened! x3
The gnoll hits you with a +0 club!
* * * LOW HITPOINT WARNING * * *
You hit the gnoll.
The gnoll is lightly wounded.
You closely miss the gnoll.
The gnoll is lightly wounded.
The gnoll hits you with a +0 club!
* * * LOW HITPOINT WARNING * * *
You barely miss the gnoll.
The gnoll is lightly wounded.
The gnoll hits you but does no damage.
All of the chunks of flesh in your inventory have rotted away.
A red film seems to cover your vision as you go berserk!
You feel yourself moving faster!
You feel mighty! The gnoll hits you with a +0 club!
You die...

#.........#
#######.........######
...).................#
.#####.............#.#
.#####..........##.#.#
................#....#####
...##...........#.<.......
##.##..........g#...######
#.##.....#.#...@.....#
#.##.#####.#########.#
#........#.# .#
#.##.###.#.# # ####.# #.#
#.# #.. #.# ### #.# #.#


You could see a gnoll.

Vanquished Creatures
  An ogre (D:3)
  3 adders
  2 gnolls
  2 oozes
  An adder skeleton (D:4)
  A worm (D:2)
  4 dart slugs
  3 leopard geckos
  2 orcs (D:3)
  4 giant cockroaches
  7 goblins
  8 hobgoblins
  2 jackals
  6 kobolds
  3 quokkas
  5 bats
  5 frilled lizards
  4 rats
63 creatures vanquished.

Notes
Turn   | Place    | Note
-------+----------+-------------------------------------------
     0 | D:1      | Borgoz the Kobold Berserker began the quest for the Orb.
     0 | D:1      | Reached XP level 1. HP: 14/14 MP: 1/1
   311 | D:1      | Reached XP level 2. HP: 19/19 MP: 2/2
   584 | D:1      | Reached skill level 1 in Stealth
   711 | D:2      | Reached XP level 3. HP: 23/23 MP: 3/3
  1245 | D:2      | Reached skill level 1 in Throwing
  1501 | D:2      | Reached ** piety under Trog
  1523 | D:2      | Reached XP level 4. HP: 27/29 MP: 4/4
  2359 | D:3      | Noticed an ogre
  2496 | D:3      | Reached XP level 5. HP: 26/33 MP: 5/5
  2509 | D:2      | HP: 1/33 [gnoll/+0 whip (8)]
  3034 | D:3      | Found an ornate altar of the Wu Jian Council.
  3035 | D:3      | Found a shattered altar of Ashenzari.
  3054 | D:3      | Killed an ogre
  3054 | D:3      | Reached skill level 5 in Short Blades
  3054 | D:3      | Reached XP level 6. HP: 10/38 MP: 6/6
  3395 | D:4      | Slain by a gnoll

Levels and vault maps discovered:
D:1:      nzn_arrival_water_spiral, layout_loops_ring
D:2:      layout_basic, first_ration
D:3:      layout_rooms, nicolae_overflow_hidden_temple, serial_glass,
          glass_columns_b, glass_columns_a, minmay_strange_pillars,
          minmay_strange_pillars, due_unseen_surprise, hex_medium
D:4:      layout_basic, zin_treasury, minmay_temple_entry_slanted, uniq_natasha

Skill      XL: |  1  2  3  4  5  6 |
---------------+-------------------+-----
Stealth        | 1 2 3 |  3.1
Throwing       | 1 2 |  2.1
Armour         | 2 |  2.4
Dodging        | 3 |  3.5
Fighting       | 4 |  4.2
Short Blades   | 5 |  5.0

Action                   |  1- 3 |  4- 6 || total
-------------------------+-------+-------++-------
Melee: Short sword       |    97 |   152 ||   249
Invok: Berserk           |       |     1 ||     1
  Use: Scroll            |       |     5 ||     5
       Potion            |       |     6 ||     6
 Stab: Sleeping          |     3 |     4 ||     7
       Distracted        |       |     1 ||     1
  Eat: Chunk             |     2 |    14 ||    16
Armor: Animal skin       |    11 |    16 ||    27
Dodge: Dodged            |    65 |   139 ||   204

Table legend:
 A = Non-vault XP
 B = Vault XP
 C = Vault XP percentage of total XP
 D = Non-vault monster count
 E = Vault monster count
 F = Vault count percentage of total count
                 A         B        C        D         E       F
            +---------+---------+-------+---------+---------+-------
      Total |     315 |       0 |   0.0 |      63 |       0 |   0.0
            +---------+---------+-------+---------+---------+-------
        D:1 |      27 |       0 |   0.0 |      10 |       0 |   0.0
        D:2 |      61 |       0 |   0.0 |      19 |       0 |   0.0
        D:3 |     209 |       0 |   0.0 |      32 |       0 |   0.0
        D:4 |      18 |       0 |   0.0 |       2 |       0 |   0.0
            +---------+---------+-------+---------+---------+-------
